 Dungeon Crawl Stone Soup version 0.27-a0-828-g8289197e94 (webtiles) character file.

Game seed: 16166934991769413292

9 Zdeegee the Gusty (level 2, 0/20 HPs)
             Began as a Draconian Air Elementalist on Mar 30, 2021.
             Slain by a quokka (2 damage)
             ... on level 1 of the Dungeon.
             The game lasted 00:00:30 (45 turns).

Zdeegee the Gusty (Draconian Air Elementalist)        Turns: 45, Time: 00:00:30

Health: 0/20       AC:  4    Str: 10    XL:     2   Next: 6%
Magic:  0/5        EV: 12    Int: 15    God:
Gold:   6          SH:  0    Dex: 11    Spells: 4/5 levels left

rFire    . . .     SeeInvis .   (no weapon)
rCold    . . .     Faith    .   (no shield)
rNeg     . . .     Spirit   .   (armour unavailable)
rPois    .         Reflect  .   (helmet restricted)
rElec    .         Harm     .   (no cloak)
rCorr    .         Rampage  .   (no gloves)
Will     .....                  (no boots)
Stlth    ++........             (no amulet)
HPRegen  0.06/turn              (no ring)
MPRegen  0.09/turn              (no ring)

@: no status effects
A: AC +4, unfitting armour, cold-blooded
a: no special abilities


You were on level 1 of the Dungeon.
You visited 1 branch of the dungeon, and saw 1 of its levels.

You collected 6 gold pieces.

Inventory:

Scrolls
 a - a scroll of immolation {unknown}


   Skills:
 * Level 0.2 Fighting
 * Level 1.8 Dodging
 + Level 1.8 Stealth
 * Level 2.1 Spellcasting
 * Level 1.1 Conjurations
 * Level 0.2 Ice Magic
 * Level 3.3 Air Magic


You had 4 spell levels left.
You knew the following spells:

 Your Spells              Type           Power      Damage    Failure   Level
a - Shock                 Conj/Air       32%        1d5       9%          1

Your spell library contained the following spells:

 Spells                   Type           Power      Damage    Failure   Level
 Swiftness                Air            11%        N/A       9%          2
 Static Discharge         Conj/Air       8%         N/A       26%         3
 Airstrike                Air            5%         N/A       50%         4
 Lightning Bolt           Conj/Air       4%         1d15      94%         5


Dungeon Overview and Level Annotations

Branches:
Dungeon (1/15)

Altars:


Innate Abilities, Weirdness & Mutations

Your plain brown scales are hard. (AC +4)
You cannot fit into any form of body armour.
You are cold-blooded and may be slowed by cold attacks.


Message History

The quokka is almost dead.
The quokka closely misses you.
You barely miss the quokka.
The quokka is almost dead.
The quokka misses you.
The zap misses the quokka.
The zap hits the gnoll.
You kill the gnoll!
The quokka barely misses you.
You have reached level 2!
You closely miss the quokka.
The quokka is almost dead.
The quokka bites you. The quokka closely misses you.
You barely miss the quokka.
Your tail-slap misses the quokka.
The quokka is almost dead.
The quokka barely misses you.
You barely miss the quokka.
The quokka is almost dead.
The quokka barely misses you.
You miss the quokka.
The quokka is almost dead.
The quokka bites you.
You barely miss the quokka.
The quokka is almost dead.
The quokka bites you.
* * * LOW HITPOINT WARNING * * *
You hit the quokka but do no damage.
The quokka is almost dead.
The quokka bites you but does no damage.
The quokka bites you.
* * * LOW HITPOINT WARNING * * *
A quokka comes into view.
Found a hand axe.
The quokka closely misses you.
You are too injured to fight recklessly!
Aiming: Shock (safe; 9% risk of failure)
Press: ? - help, Q - select action Shift-Dir - straight line, f/p - quokka
Aim: a quokka (almost dead, 44% to evade)
The zap misses the quokka.
The quokka bites you.
You die...

#####..###.#.#
#.......##.#.#
#..........#.#####.
##........##^......+
.........)....##
.####..#####..##
##..#.....#..## .
##..#.......#r.##
..#..#....<....#@.#
......#.......#..#......
.......#.....#..##♣♣♣...
....##..#####..##.......
.... ##..........'♣ +###
####.###.###.....
#.....# ... #####.# .
#.#


You could see a quokka.

Vanquished Creatures
  A gnoll (D:1)
1 creature vanquished.

Notes
Turn   | Place    | Note
-------+----------+-------------------------------------------
     0 | D:1      | Zdeegee the Draconian Air Elementalist began the quest for
                  | the Orb.
     0 | D:1      | Reached XP level 1. HP: 14/14 MP: 3/3
    34 | D:1      | Reached XP level 2. HP: 13/20 MP: 0/5
    39 | D:1      | HP: 1/20 [quokka (3)]
    45 | D:1      | Slain by a quokka

Illustrated notes

Levels and vault maps discovered:
D:1:      scummos_arrival_hexagon, layout_basic, serial_forest,
          infiniplex_forest_end_2, infiniplex_forest_3_way,
          infiniplex_forest_straight_1, infiniplex_forest_clump_cross,
          infiniplex_forest_clump_C, infiniplex_forest_lined_2,
          infiniplex_forest_clump_tiny, lemuel_another_geyser

Action                   || total
-------------------------++-------
Melee: Unarmed           ||     8
       Tailslap          ||     1
 Cast: Shock             ||     6
Armor: Skin              ||     1
Dodge: Dodged            ||    11

Table legend: (Time is in decaauts)
 A = Elapsed time spent in this place.
 B = Non-inter-level travel time spent in this place.
 C = Inter-level travel time spent in this place.
 D = Time resting spent in this place.
 E = Time spent auto-exploring this place.
 F = Levels seen in this place.
 G = Mean time per level.
                   A        B        C        D        E       F      G
               +--------+--------+--------+--------+--------+-----+--------+
         Total |     45 |     45 |      0 |      0 |      6 |   1 |   45.0 |
       Dungeon |     45 |     45 |      0 |      0 |      6 |   1 |   45.0 |
               +--------+--------+--------+--------+--------+-----+--------+

Top non-repeatable levels by time:
     D:1: 45 daAuts
